 Dungeon Crawl Stone Soup version 0.27-a0-1302-g7736ffe575 (webtiles) character file.

Game seed: 1594379159172849726

2373 27snakeeyes612 the Cleaver (level 9, 0/81 HPs)
             Began as a Minotaur Berserker on June 18, 2021.
             Was a Priest of Trog.
             Slain by an orc (1 damage)
             ... on level 6 of the Dungeon.
             The game lasted 00:06:13 (5345 turns).

27snakeeyes612 the Cleaver (Minotaur Berserker)     Turns: 5345, Time: 00:06:14

Health: 0/81       AC: 21    Str: 25    XL:     9   Next: 21%
Magic:  8/8        EV: 13    Int:  4    God:    Trog [***...]
Gold:   128        SH:  0    Dex: 10    Spells: 8/8 levels left

rFire    . . .     SeeInvis .   a - +0 hand axe
rCold    . . .     Faith    .   (no shield)
rNeg     . . .     Spirit   .   q - +1 plate armour {Will+}
rPois    .         Reflect  .   p - +2 hat
rElec    .         Harm     .   r - +2 cloak {Will+}
rCorr    .         Rampage  .   (no gloves)
Will     ++++.                  m - +0 pair of boots
Stlth    ..........             (no amulet)
HPRegen  1.23/turn              c - +4 ring of evasion
MPRegen  0.11/turn              (no ring)

@: about to teleport, strong-willed, on berserk cooldown, flying, regenerating,
slowed, very slow
A: horns 2, retaliatory headbutt
a: Renounce Religion, Berserk, Trog's Hand


You were on level 6 of the Dungeon.
You worshipped Trog.
Trog was most pleased with you.
You visited 1 branch of the dungeon, and saw 6 of its levels.
You visited the Abyss 1 time.

You collected 947 gold pieces.
You spent 819 gold pieces at shops.

Inventory:

Hand Weapons
 a - a +0 hand axe (weapon)
Missiles
 j - 7 curare-tipped darts
Armour
 m - a +0 pair of boots (worn)
 p - a +2 hat (worn)
 q - a +1 plate armour of willpower (worn)
 r - a +2 cloak of willpower (worn)
Jewellery
 c - a +4 ring of evasion (left hand)
 i - a +6 ring of intelligence
 s - a ring of fire
Scrolls
 b - a scroll of amnesia {unknown}
 f - 2 scrolls of identify
 h - a scroll of fog {unknown}
Potions
 d - 3 potions of flight
 e - a potion of attraction {unknown}
 g - a potion of mutation {unknown}
 k - a potion of heal wounds {unknown}
 n - a potion of degeneration {unknown}
 o - a potion of invisibility {unknown}


   Skills:
 + Level 8.3 Fighting
 + Level 8.4 Axes
 + Level 7.7 Armour
 + Level 7.0 Dodging


You had 8 spell levels left.
You didn't know any spells.
Your spell library was empty.

Dungeon Overview and Level Annotations

Branches:
Dungeon (6/15)
 Temple: D:4-7

Altars:
Dithmenos
Makhleb
Sif Muna

Shops:
D:3 [


Innate Abilities, Weirdness & Mutations

You have a pair of horns on your head.
You reflexively headbutt those who attack you in melee.


Message History

The orc wizard mumbles some strange words.
The orc wizard flickers and vanishes!
Deactivating autopickup; reactivate with Ctrl-A.
You hit the orc wizard. Your headbutt misses the orc wizard.
The orc wizard is lightly wounded.
You hit something.
The orc priest calls down the wrath of Beogh upon you.
Something writhes in agony!
Reactivating autopickup.
You feel a bit more experienced.
The orc wizard hits you with a +0 dagger.
* * * LOW HITPOINT WARNING * * *
Your skin crawls.
You feel strong-willed.
The orc wizard hits you but does no damage.
It was a potion of flight.
You feel very buoyant.
You fly up into the air.
The orc hits you with a +0 mace.
* * * LOW HITPOINT WARNING * * *
The orc priest calls down the wrath of Beogh upon you.
Beogh smites you!
* * * LOW HITPOINT WARNING * * *
The orc wizard closely misses you. You furiously retaliate!
You headbutt the orc wizard! The orc barely misses you.
As you read the scroll of teleportation, it crumbles to dust.
You feel strangely unstable.
The orc wizard gestures at you while chanting.
The magic dart hits you but does no damage.
The orc hits you but does no damage. The orc priest barely misses you.
The orc wizard closely misses you.
Okay, then.
You closely miss the orc wizard.
The orc wizard is almost dead.
You hit the orc priest. You closely miss the orc. The orc closely misses you.
The orc priest invokes the aid of Beogh against you.
Beogh smites you!
* * * LOW HITPOINT WARNING * * *
The orc wizard gestures at you while chanting.
The puff of flame misses you. The orc hits you with a +0 mace.
You die...

######.... ... .#.##
###.. ..... .# ###
####.#.##.#.##..# ...
#....#..........#
#####.##.##.#...##.##..#
............>..........#
####'#..##o...........#
.......†..@o..#.)<..#..
..........#o..#.#.###
........)...........
...........##.#.#.###
..............#.#.#
............#.#.#..
........#...#.#.####
####.......# #.
........#


You could see an orc priest, an orc wizard and an orc.

Vanquished Creatures
  A two-headed ogre (D:6)
  Eustachio (D:5)
  Menkaure (D:6)
  A water moccasin (D:6)
  A black bear (D:5)
  2 ogres
  2 sky beasts (D:5)
  A centaur (D:5)
  2 phantoms
  A gnoll sergeant (D:4)
  2 howler monkeys (D:6)
  A bullfrog zombie (D:5)
  A jelly (D:4)
  2 centaur zombies (D:6)
  A bullfrog skeleton (D:5)
  A gnoll shaman (D:5)
  An iguana (D:4)
  3 orc wizards (D:4)
  2 hound skeletons
  4 adders
  15 gnolls
  2 dart slugs
  15 orcs
  6 ball pythons
  5 endoplasms
  3 giant cockroaches
  7 goblins
  12 hobgoblins
  10 jackals
  6 kobolds
  2 quokkas
  7 bats
  2 frilled lizards
  4 rats
127 creatures vanquished.

Vanquished Creatures (others)
  An orc wizard (D:6)
1 creature vanquished.

Grand Total: 128 creatures vanquished

Notes
Turn   | Place    | Note
-------+----------+-------------------------------------------
     0 | D:1      | 27snakeeyes612 the Minotaur Berserker began the quest for
                  | the Orb.
     0 | D:1      | Reached XP level 1. HP: 19/19 MP: 0/0
    82 | D:1      | Reached XP level 2. HP: 17/27 MP: 1/1
   549 | D:1      | Found a faded altar of an unknown god.
   746 | D:1      | Reached XP level 3. HP: 33/33 MP: 2/2
  1191 | D:2      | Reached ** piety under Trog
  1567 | D:2      | Reached XP level 4. HP: 37/40 MP: 3/3
  2172 | D:3      | Found Zeinid's Armour Shoppe.
  2359 | D:3      | Reached XP level 5. HP: 47/47 MP: 4/4
  2752 | D:4      | Reached skill level 5 in Axes
  2825 | D:4      | Cast into level 1 of the Abyss (gnoll sergeant)
  2831 | Abyss:1  | Noticed a chaos spawn
  2834 | D:4      | Escaped the Abyss
  2843 | D:4      | Identified a scroll of acquirement
  3031 | D:4      | Acquired 762 gold pieces
  3049 | D:4      | Reached skill level 5 in Fighting
  3058 | D:4      | Reached XP level 6. HP: 40/56 MP: 5/5
  3238 | D:4      | Found a burning altar of Makhleb.
  3656 | D:3      | Bought a +2 hat for 176 gold pieces
  3656 | D:3      | Bought a +1 plate armour of willpower for 385 gold pieces
  3656 | D:3      | Bought a +2 cloak of willpower for 236 gold pieces
  3656 | D:3      | Bought a +0 leather armour for 22 gold pieces
  3944 | D:5      | Entered Level 5 of the Dungeon
  3957 | D:5      | Reached XP level 7. HP: 43/62 MP: 6/6
  4139 | D:5      | Reached skill level 5 in Armour
  4236 | D:5      | Noticed Eustachio
  4250 | D:5      | Killed Eustachio
  4250 | D:5      | Reached *** piety under Trog
  4251 | D:5      | Reached skill level 5 in Dodging
  4417 | D:5      | Found a shadowy altar of Dithmenos.
  4485 | D:4      | Reached XP level 8. HP: 40/71 MP: 7/7
  4843 | D:5      | Found a shimmering blue altar of Sif Muna.
  5157 | D:6      | Noticed a two-headed ogre
  5163 | D:6      | Killed a two-headed ogre
  5164 | D:6      | Reached XP level 9. HP: 81/81 MP: 8/8
  5317 | D:6      | Noticed Menkaure
  5324 | D:6      | Killed Menkaure
  5345 | D:6      | HP: 1/81 [orc priest/divine providence (12)]
  5345 | D:6      | Slain by an orc

Illustrated notes

Levels and vault maps discovered:
D:1:      saegor_arrival_miasma, layout_loops_cross,
          shapermc_ecumenical_altar_starsandcircs
D:2:      layout_loops_corners, guppyfry_early_lair_pool
D:3:      layout_basic, serial_shops, shop_statue
D:4:      layout_loops_cross, lemuel_doored_altar
D:5:      layout_cave_pools, marbit_many_paths, lemuel_round_altar,
          hangedman_abyss_or_decor_stagger, uniq_eustachio
D:6:      layout_basic, ebering_ghost_gozag, nicolae_ossuary_entry_ruins,
          lightli_orcish_oven, uniq_menkaure

Skill      XL: |  1  2  3  4  5  6  7  8  9 |
---------------+----------------------------+-----
Axes           | 4 5 6 8 |  8.4
Fighting       | 4 5 6 7 8 |  8.3
Armour         | 3 4 5 7 |  7.7
Dodging        | 3 4 5 6 7 |  7.0

Action                   |  1- 3 |  4- 6 |  7- 9 || total
-------------------------+-------+-------+-------++-------
Melee: Hand axe          |    97 |   145 |   132 ||   374
       Headbutt          |     9 |    20 |    28 ||    57
Invok: Berserk           |     1 |     4 |     3 ||     8
       Trog's Hand       |       |     3 |     2 ||     5
  Use: Scroll            |       |     4 |     1 ||     5
       Potion            |       |     4 |     1 ||     5
Armor: Animal skin       |    14 |       |       ||    14
       Plate armour      |    30 |   102 |    76 ||   208
Dodge: Dodged            |    52 |    63 |   103 ||   218

Table legend: (Time is in decaauts)
 A = Elapsed time spent in this place.
 B = Non-inter-level travel time spent in this place.
 C = Inter-level travel time spent in this place.
 D = Time resting spent in this place.
 E = Time spent auto-exploring this place.
 F = Levels seen in this place.
 G = Mean time per level.
                   A        B        C        D        E       F      G
               +--------+--------+--------+--------+--------+-----+--------+
         Total |   5426 |   5271 |    155 |    785 |   3689 |   7 |  775.1 |
       Dungeon |   5416 |   5261 |    155 |    785 |   3689 |   6 |  902.7 |
         Abyss |      9 |      9 |      0 |      0 |      0 |   1 |    9.0 |
               +--------+--------+--------+--------+--------+-----+--------+

Top non-repeatable levels by time:
     D:4: 1451 daAuts
     D:5: 1110 daAuts
     D:2: 1058 daAuts
     D:1: 995 daAuts
     D:3: 744 daAuts
     D:6: 55 daAuts
 Abyss:1: 9 daAuts
